AoeStats
← Herby

Arena

508150258Analyzed
4v4 RM · 11d ago on Sep 21, 2026· 27m 55s· 8 players
Game mode
Random Map
Map size
Large (8 player)
Population
200
Speed
Normal
Resources
Standard
Victory
Conquest
Starting age
Dark Age
Ending age
Imperial Age
RankedLock teamsTeams togetherTeam positionsShared explorationLock speedFull tech treeHidden civsTurbo modeCheats
Victory
Defeat
🇲🇽 Romans · Mexico
1420
+13
🇲🇽 Mapuche · Mexico
1405
+14
🇺🇸 Bengalis · United States
1392
+15
🇵🇪 Turks · Peru
1316
+18
🇲🇽 Wei · Mexico
1617
-24
🇲🇽 Italians · Mexico
1599
-24
🇲🇽 Magyars · Mexico
1114
-6
🇲🇽 Burgundians · Mexico
1113
-6
VL Le_Manch
11:31 Feudal Age
15:25 Castle Age
13:49 Double-Bit Axe
13:53 Horse Collar
15:50 Wheelbarrow
19:27 Fletching
VL La Parca (Red Paladin)
11:04 Feudal Age
15:26 Castle Age
13:37 Double-Bit Axe
13:59 Horse Collar
14:24 Gold Mining
14:51 Stone Mining
18:35 Loom
20:26 Heavy Plow
22:45 Scale Barding Armor
25:38 Wheelbarrow
DSLG | CHEF GABO
7:22 Horse Collar
7:30 Double-Bit Axe
8:49 Loom
13:17 Feudal Age
13:25 Feudal Age
15:49 Bow Saw
15:40 Heavy Plow
18:22 Castle Age
17:40 Gold Mining
20:52 Two-Man Saw
21:16 Husbandry
22:18 Cavalier
22:50 Light Cavalry
24:19 Forging
26:05 Fletching
DSLG | GAMA_CRAZY
12:07 Feudal Age
11:27 Loom
12:39 Double-Bit Axe
18:31 Gold Mining
21:54 Castle Age
20:40 Stone Mining
21:33 Wheelbarrow
21:25 Fletching
21:35 Padded Archer Armor
26:02 Bodkin Arrow
26:07 Padded Archer Armor
Gavagai
11:21 Feudal Age
14:59 Castle Age
13:42 Double-Bit Axe
13:38 Horse Collar
16:43 Bow Saw
21:57 Wheelbarrow
21:53 Stone Mining
22:44 Heavy Plow
22:46 Gold Mining
24:16 Gold Shaft Mining
25:13 Hand Cart
25:02 Fletching
29:52 Imperial Age
27:08 Loom
27:20 Bodkin Arrow
28:19 Padded Archer Armor
[Pb] Komodo 3000
10:14 Feudal Age
13:52 Castle Age
12:50 Double-Bit Axe
13:14 Gold Mining
27:24 Forging
Herby
7:59 Loom
10:19 Feudal Age
14:02 Castle Age
12:50 Double-Bit Axe
13:09 Gold Mining
15:23 Bow Saw
23:51 Wheelbarrow
27:07 Ballistics
Comend x comend
12:50 Feudal Age
16:17 Castle Age
20:34 Imperial Age
25:09 Double-Bit Axe
25:05 Horse Collar
Connection lost

Rejoining the realm…

Still unreachable

The connection could not be restored.

Session expired

The server has moved on; the page needs a fresh start.